 Dungeon Crawl Stone Soup version 0.16.1-11-g651b585 (webtiles) character file.

4503 giann the Destroyer (level 10, -4/50 HPs)
             Began as a Gargoyle Fire Elementalist on Apr 6, 2015.
             Was a Priest of Vehumet.
             Slain by a blink frog (10 damage)
             ... on level 1 of the Lair of Beasts.
             The game lasted 00:32:08 (10336 turns).

giann the Destroyer (Gargoyle Fire Elementalist)   Turns: 10336, Time: 00:32:08

Health: -4/50      AC: 20    Str: 12    XL:     10   Next: 39%
Magic:  5/26       EV: 12    Int: 19    God:    Vehumet [***...]
Gold:   379        SH:  0    Dex: 10    Spells: 7 memorised, 4 levels left

rFire  . . .     SeeInvis .     y - staff of conjuration
rCold  . . .     Clarity  .     a - +0 robe
rNeg   + . .     SustAb   +     (no shield)
rPois  ∞         Gourm    +     s - +0 helmet
rElec  +         Spirit   .     q - +2 cloak
rCorr  .         Warding  .     u - +2 pair of gloves
rMut   .         Stasis   .     h - +0 pair of boots
MR     .....                    k - amulet of the gourmand
Stlth  ++........               o - ring of sustain abilities
                                l - +3 ring of protection

@: not resistant to hostile enchantments, unstealthy
A: negative energy resistance 1, electricity resistance, unbreathing,
petrification resistance, rot immunity, AC +7
a: Renounce Religion


You were on level 1 of the Lair of Beasts.
You worshipped Vehumet.
Vehumet was most pleased with you.
You were very hungry.

You visited 3 branches of the dungeon, and saw 10 of its levels.

You collected 379 gold pieces.

Inventory:

Hand weapons
 n - a +1 short sword of electrocution
 v - a +0 dagger of venom
Armour
 a - a +0 robe (worn)
 h - a +0 pair of boots (worn)
 q - a +2 cloak (worn)
 s - a +0 helmet (worn)
 u - a +2 pair of gloves (worn)
Magical staves
 y - an uncursed staff of conjuration (weapon)
Jewellery
 k - an amulet of the gourmand (around neck)
 l - a +3 ring of protection (left hand)
 o - a ring of sustain abilities (right hand)
Magical devices
 t - a wand of draining (7)
 w - a wand of digging (0)
 C - a wand of paralysis (10)
Scrolls
 r - 2 scrolls of remove curse
 E - 3 scrolls of enchant weapon
Potions
 e - 2 potions of cancellation
 f - 2 potions of haste
 g - 3 potions of curing
 j - 2 potions of restore abilities
 m - a potion of berserk rage
 z - a potion of invisibility {unknown}
 A - a potion of agility {unknown}
 B - a potion of heal wounds {unknown}
Books
 b - a book of Flames

   Spells                             Type                      Level
   a - Flame Tongue                   Conjuration/Fire             1
   b - Throw Flame                    Conjuration/Fire             2
   c - Conjure Flame                  Conjuration/Fire             3
   d - Inner Flame                    Hexes/Fire                   3
   e - Sticky Flame                   Conjuration/Fire             4
   f - Fireball                       Conjuration/Fire             5
Comestibles
 c - 3 bread rations
 d - 2 meat rations
 x - a fruit


   Skills:
 - Level 1.5 Dodging
 - Level 2.1 Stealth
 + Level 8.1 Spellcasting
 + Level 9.4 Conjurations
 + Level 9.2 Fire Magic


You had 4 spell levels left.
You knew the following spells:

 Your Spells              Type           Power        Failure   Level  Hunger
a - Flame Tongue          Conj/Fire      #####        1%          1    None
b - Throw Flame           Conj/Fire      ######       1%          2    None
c - Conjure Flame         Conj/Fire      ######..     1%          3    None
d - Inner Flame           Hex/Fire       ####....     1%          3    None
e - Sticky Flame          Conj/Fire      ######..     1%          4    ###....
f - Fireball              Conj/Fire      ######....   2%          5    #####..
g - Stone Arrow           Conj/Erth      #####.       1%          3    None


Dungeon Overview and Level Annotations

Branches:
Dungeon (8/15)             Temple (1/1) D:4            Lair (1/8) D:8

Altars:
Ashenzari
Cheibriados
Dithmenos
Elyvilon
Fedhas
Kikubaaqudgha
Makhleb
Okawaru
Qazlal
Ru
Sif Muna
Trog
Vehumet
Xom
Zin
The Shining One

Shops:
D:5 }   D:6 *   D:8 [

Annotations:
D:5 karlm's ghost, experienced FoBe
Lair:1 Fannar


Innate Abilities, Weirdness & Mutations

You are resistant to torment.
You are immune to poison.
Your stone body is very resilient (AC +7).
You resist negative energy.
You are resistant to electric shocks.
You can survive without breathing.
You are immune to petrification.
You are immune to rotting.


Message History

A wolf comes into view.
The blink frog blinks!
The blink frog croaks.
You hit the blink frog.
The blink frog is lightly wounded.
The blink frog blinks!
The blink frog closely misses you.
The spiny frog croaks.
You hit the blink frog.
The blink frog is moderately wounded.
The blink frog barely misses you.
The iguana bites you but does no damage.
The blink frog closely misses you. The iguana barely misses you.
You hit the blink frog.
The blink frog is moderately wounded.
The blink frog hits you but does no damage.
The blink frog closely misses you.
The iguana bites you but does no damage.
The blink frog barely misses you. The iguana misses you.
The blink frog hits you!
You die...

. ##. . #... .. .### #...
## ...######... ...
............ ....
......h...#. ### #....
.......#....###.###...>..
.....# #.................
.....# #......F@F..F.....#
...#.#..........l..........
...# #........[............
...#
..?#.......##.#.P###...
#..# ..
#....#.....>........ #...#
#..#..+...........#..
##.... ..................#
##.#... .##................
####.. ..P...........#.


You could see a spiny frog, 2 blink frogs and an iguana.

Vanquished Creatures
  A hill giant (D:6)
  The ghost of giann the Firebug, an experienced GrFE of Vehumet (D:7)
  A troll (D:8)
  A two-headed ogre (D:8)
  A hippogriff (D:8)
  Eustachio (D:4)
  3 wolves (D:8)
  A porcupine (Lair:1)
  A sky beast (D:7)
  An orc warrior (D:6)
  A phantom (D:4)
  2 black bears
  A necrophage (D:8)
  2 ogres
  3 centaurs
  A big kobold (D:5)
  A giant frog (D:8)
  A water moccasin skeleton (D:6)
  4 wights (D:7)
  4 crimson imps
  A centaur zombie (D:8)
  2 electric eels (D:8)
  7 hounds
  2 jellies
  2 orc wizards
  Crazy Yiuf (D:6)
  A giant frog skeleton (D:5)
  An iguana (D:3)
  A centaur skeleton (D:4)
  An orc priest (D:8)
  5 worker ants
  2 sheep (D:6)
  A hound zombie (D:6)
  A mummy (D:8)
  10 adders
  6 gnolls
  2 shadow imps (D:8)
  An ufetubus (D:4)
  An adder skeleton (D:7)
  17 orcs
  6 giant cockroaches
  16 hobgoblins
  7 jackals
  3 quokkas
  21 bats
  5 giant geckos
  A giant gecko skeleton (D:6)
  A giant gecko zombie (D:7)
  8 giant newts
  A giant spore (D:6)
  13 goblins
  20 kobolds
  A quokka skeleton (D:7)
  A quokka zombie (D:7)
  20 rats
  2 ballistomycetes (D:6)
  A butterfly (D:4)
224 creatures vanquished.

Notes
Turn   | Place    | Note
--------------------------------------------------------------
     0 | D:1      | giann, the Gargoyle Fire Elementalist, began the quest for the Orb.
     0 | D:1      | Reached XP level 1. HP: 10/10 MP: 3/3
   185 | D:1      | Reached XP level 2. HP: 15/15 MP: 0/4
   539 | D:1      | Reached XP level 3. HP: 7/19 MP: 0/6
   543 | D:1      | Learned a level 2 spell: Throw Flame
   547 | D:1      | Learned a level 3 spell: Conjure Flame
  1595 | D:2      | Found a shattered altar of Ashenzari.
  1816 | D:2      | Reached skill level 4 in Fire Magic
  1816 | D:2      | Reached XP level 4. HP: 24/24 MP: 0/8
  2984 | D:3      | Reached XP level 5. HP: 14/28 MP: 2/11
  2989 | D:3      | Learned a level 3 spell: Inner Flame
  3305 | D:3      | Found a sacrificial altar of Ru.
  3850 | D:4      | Found a staircase to the Ecumenical Temple.
  3872 | D:4      | Noticed Eustachio
  3875 | Temple   | Entered the Ecumenical Temple
  3990 | Temple   | Became a worshipper of Vehumet
  4333 | D:4      | Reached XP level 6. HP: 32/32 MP: 0/13
  4460 | D:4      | Noticed a phantom
  4472 | D:4      | Killed a phantom
  4908 | D:4      | Reached skill level 5 in Fire Magic
  5355 | D:4      | Killed Eustachio
  5355 | D:4      | Reached XP level 7. HP: 36/36 MP: 0/17
  5463 | D:4      | Learned a level 4 spell: Sticky Flame
  5737 | D:5      | Entered Level 5 of the Dungeon
  5743 | D:5      | Found a glowing silver altar of Zin.
  5756 | D:5      | Acquired Vehumet's first power
  5756 | D:5      | Offered knowledge of Sandblast by Vehumet.
  5795 | D:5      | Found Stycit's Gadget Shoppe.
  6310 | D:5      | Noticed karlm's ghost (experienced FoBe)
  6563 | D:6      | Reached skill level 5 in Conjurations
  6713 | D:6      | Noticed a hill giant
  6723 | D:6      | Killed a hill giant
  6723 | D:6      | Reached skill level 5 in Spellcasting
  6723 | D:6      | Reached skill level 6 in Conjurations
  6723 | D:6      | Reached XP level 8. HP: 27/41 MP: 0/20
  6862 | D:6      | Found a bloodstained altar of Trog.
  7150 | D:6      | Found Idextuwoi's Assorted Antiques.
  7244 | D:6      | Found a stormy altar of Qazlal.
  7256 | D:6      | Reached skill level 7 in Fire Magic
  7412 | D:6      | Noticed Crazy Yiuf
  7420 | D:6      | Killed Crazy Yiuf
  7420 | D:6      | Offered knowledge of Throw Frost by Vehumet.
  7427 | D:6      | Learned a level 5 spell: Fireball
  7654 | D:6      | Reached XP level 9. HP: 41/45 MP: 0/22
  8074 | D:7      | Noticed giann's ghost (experienced GrFE)
  8452 | D:7      | Killed giann's ghost
  8596 | D:7      | Reached skill level 8 in Fire Magic
  9228 | D:8      | Offered knowledge of Stone Arrow by Vehumet.
  9233 | D:8      | Learned a level 3 spell: Stone Arrow
  9351 | D:8      | Reached XP level 10. HP: 47/50 MP: 13/25
  9394 | D:8      | Reached skill level 9 in Conjurations
  9533 | D:8      | Found a staircase to the Lair.
  9596 | D:8      | Found Nyary's Antique Armour Shop.
  9645 | D:8      | Acquired Vehumet's second power
 10205 | Lair:1   | Entered Level 1 of the Lair of Beasts
 10252 | Lair:1   | Noticed Fannar
 10336 | Lair:1   | Slain by a blink frog

Action                   |  1- 3 |  4- 6 |  7- 9 | 10-12 || total
-------------------------+-------+-------+-------+-------++-------
Melee: Unarmed           |    15 |       |       |       ||    15
       Short sword       |    29 |    24 |    36 |     9 ||    98
       Dagger            |       |       |    56 |       ||    56
       Staff             |       |       |    20 |    50 ||    70
 Cast: Flame Tongue      |    64 |    73 |    90 |    16 ||   243
       Throw Flame       |     4 |    73 |    95 |    25 ||   197
       Conjure Flame     |       |     2 |     3 |     1 ||     6
       Sticky Flame      |       |       |    15 |     8 ||    23
       Fireball          |       |       |     9 |    11 ||    20
  Use: Scroll            |     4 |     9 |     2 |     5 ||    20
       Potion            |       |       |       |     2 ||     2
  Eat: Chunk             |     2 |     5 |     6 |     3 ||    16
       Beef jerky        |     1 |       |     1 |       ||     2
       Royal jelly       |       |     1 |       |       ||     1
       Bread ration      |       |     2 |     1 |       ||     3
       Fruit             |       |       |     1 |     3 ||     4
       Meat ration       |       |       |     1 |       ||     1
